 Dungeon Crawl Stone Soup version 0.27-a0-1302-g7736ffe575 (webtiles) character file.

Game seed: 1742719445123968117

966 Kinoniko the Cleaver (level 8, -8/78 HPs)
             Began as an Ogre Berserker on June 18, 2021.
             Was a Priest of Trog.
             Mangled by an orc warrior (18 damage)
             ... on level 5 of the Dungeon.
             The game lasted 00:05:13 (5499 turns).

Kinoniko the Cleaver (Ogre Berserker)               Turns: 5499, Time: 00:05:14

Health: -8/78      AC:  4    Str: 24    XL:     8   Next: 15%
Magic:  8/8        EV:  7    Int:  8    God:    Trog [***...]
Gold:   242        SH:  7    Dex:  8    Spells: 7/7 levels left

rFire    . . .     SeeInvis .   d - +0 war axe
rCold    . . .     Faith    .   l - +0 kite shield
rNeg     . . .     Spirit   .   b - +0 animal skin
rPois    .         Reflect  .   (helmet restricted)
rElec    .         Harm     .   m - +0 cloak
rCorr    .         Rampage  .   (gloves unavailable)
Will     .....                  (boots unavailable)
Stlth    +.........             (no amulet)
HPRegen  0.23/turn              (no ring)
MPRegen  0.11/turn              (no ring)

@: on berserk cooldown, slowed, very slow
A: large, unfitting armour, tough skin 1
a: Renounce Religion, Berserk, Trog's Hand


You were on level 5 of the Dungeon.
You worshipped Trog.
Trog was most pleased with you.
You visited 1 branch of the dungeon, and saw 5 of its levels.

You collected 242 gold pieces.

Inventory:

Hand Weapons
 d - a +0 war axe (weapon)
Armour
 b - a +0 animal skin (worn)
 l - a +0 kite shield (worn)
 m - a +0 cloak (worn)
Wands
 n - a wand of digging (2)
Scrolls
 c - 2 scrolls of silence
 e - a scroll of immolation
 h - 2 scrolls of teleportation
 o - a scroll of magic mapping
Potions
 a - a potion of brilliance
 f - a potion of haste {unknown}
 g - a potion of experience {unknown}
 i - a potion of attraction
 j - a potion of curing
 k - a potion of degeneration {unknown}


   Skills:
 - Level 4.0 Fighting
 * Level 9.6 Axes
 - Level 2.6 Dodging


You had 7 spell levels left.
You didn't know any spells.
Your spell library was empty.

Dungeon Overview and Level Annotations

Branches:
Dungeon (5/15)
 Temple: D:4-7

Altars:
Ashenzari

Shops:
D:4 (

Annotations:
D:3 1 transporter, uniqcum's ghost, amateur NaVM


Innate Abilities, Weirdness & Mutations

You are too large for most types of armour.
You have tough skin. (AC +1)


Message History

You slice the orc priest!!
You feel the power of Trog in you as your rage grows.
You kill the orc priest!
Trog accepts your kill.
You hit the orc warrior. You barely miss the orc warrior.
The orc warrior is moderately wounded.
The orc warrior hits you with a +0 trident!
Unknown command.
You are too injured to fight recklessly!
You are too injured to fight recklessly!
Unknown command.
You are too injured to fight recklessly!
You are too injured to fight recklessly!
Unknown command.
You are too injured to fight recklessly!
You are too injured to fight recklessly!
You are too injured to fight recklessly!
You closely miss the orc warrior.
The orc warrior is moderately wounded.
The orc warrior hits you with a +0 trident!
Your shield prevents you from hitting the orc warrior.
The orc warrior is moderately wounded.
The orc warrior hits you with a +0 trident!
* * * LOW HITPOINT WARNING * * *
You barely miss the orc warrior.
The orc warrior is moderately wounded.
The orc warrior hits you with a +0 trident!!
* * * LOW HITPOINT WARNING * * *
You hit the orc warrior.
The orc warrior is heavily wounded.
The orc warrior hits you with a +0 trident.
* * * LOW HITPOINT WARNING * * *
You hit the orc warrior.
The orc warrior is severely wounded.
You are no longer berserk.
You are exhausted.
You feel yourself slow down.
The orc warrior hits you with a +0 trident!!
You die...

#.# ###.#####
#.......#
#.......#########
#................
##.......####.####
#.............####
#####.###########.#...
#...)@....# #.#...
#...)o....# #.#...
#....(....# #.#...
#......##### #(####
#.....(# #.# #
#......# #.# #
#......# ###.# #
.......# #...# #
#.######


You could see an orc warrior.

Vanquished Creatures
  Sigmund (D:2)
  A necrophage (D:4)
  A centaur (D:5)
  A scorpion (D:5)
  An orc priest (D:5)
  3 bullfrog skeletons (D:4)
  2 hounds (D:5)
  Crazy Yiuf (D:4)
  A centaur skeleton (D:5)
  3 orc wizards
  Natasha (thrice) (D:2)
  2 hound skeletons (D:4)
  3 adders
  4 gnolls (D:2)
  A shadow imp (D:5)
  An ufetubus (D:4)
  A worm (D:4)
  2 dart slugs
  10 orcs
  5 endoplasms
  3 giant cockroaches
  12 goblins
  6 hobgoblins
  4 jackals (D:1)
  7 kobolds
  2 quokkas (D:1)
  7 ball pythons
  6 bats
  2 frilled lizards
  4 rats (D:1)
100 creatures vanquished.

Vanquished Creatures (others)
  An orc wizard (D:4)
  A fungus (D:4)
2 creatures vanquished.

Grand Total: 102 creatures vanquished

Notes
Turn   | Place    | Note
-------+----------+-------------------------------------------
     0 | D:1      | Kinoniko the Ogre Berserker began the quest for the Orb.
     0 | D:1      | Reached XP level 1. HP: 24/24 MP: 1/1
   122 | D:1      | Reached XP level 2. HP: 14/32 MP: 2/2
   716 | D:1      | Reached skill level 4 in Axes
   760 | D:1      | Reached XP level 3. HP: 39/39 MP: 3/3
   978 | D:1      | Found a faded altar of an unknown god.
  1263 | D:1      | Reached ** piety under Trog
  1309 | D:2      | Noticed Sigmund
  1319 | D:2      | Killed Sigmund
  1320 | D:2      | Reached skill level 6 in Axes
  1320 | D:2      | Reached XP level 4. HP: 28/48 MP: 4/4
  1320 | D:2      | Reached XP level 5. HP: 32/54 MP: 5/5
  1506 | D:2      | Found a broken altar of Ashenzari.
  1596 | D:2      | Noticed Natasha
  1606 | D:2      | Killed Natasha
  1607 | D:2      | Reached XP level 6. HP: 37/62 MP: 6/6
  1657 | D:2      | Noticed Natasha
  1667 | D:2      | Killed Natasha
  2143 | D:2      | Reached skill level 7 in Axes
  2530 | D:2      | Noticed Natasha
  2535 | D:2      | Killed Natasha
  3027 | D:3      | Found a transporter.
  3027 | D:3      | Noticed uniqcum's ghost (amateur NaVM)
  3029 | D:3      | Identified the +7 dire flail of Ruoshreq {antimagic, rN+
                  | Int+3 Dex-2 Stlth+}
  4092 | D:4      | Reached XP level 7. HP: 62/70 MP: 7/7
  4192 | D:4      | Reached *** piety under Trog
  4211 | D:4      | Reached skill level 8 in Axes
  4502 | D:4      | Found a runed translucent door.
  4503 | D:4      | Noticed Crazy Yiuf
  4638 | D:4      | Found Ysaqugea's Weapon Boutique.
  4948 | D:4      | Killed Crazy Yiuf
  5018 | D:5      | Entered Level 5 of the Dungeon
  5062 | D:5      | Reached skill level 9 in Axes
  5202 | D:5      | Reached XP level 8. HP: 61/78 MP: 8/8
  5499 | D:5      | Mangled by an orc warrior

Illustrated notes

Levels and vault maps discovered:
D:1:      lightli_arrival_quake, layout_basic,
          chequers_ecumenical_altar_simple_redux, minmay_misc_feat_nine_boxes,
          chequers_arboretum, st_stairs_12
D:2:      layout_basic, basic_altar, uniq_sigmund, uniq_natasha
D:3:      minmay_general_purpose_star, layout_basic, gammafunk_ghost_smash
D:4:      layout_rooms, serial_shops, nicolae_square_shop,
          uniq_crazy_yiuf_cottage
D:5:      layout_basic, minivault_24, minmay_between

Skill      XL: |  1  2  3  4  5  6  7 |
---------------+----------------------+-----
Axes           | 4 6 7 9 |  9.6
Fighting       | |  4.0
Dodging        | |  2.6

Action                   |  1- 3 |  4- 6 |  7- 9 || total
-------------------------+-------+-------+-------++-------
Melee: Hand axe          |    37 |       |       ||    37
       War axe           |    60 |   118 |   129 ||   307
Invok: Berserk           |     1 |     6 |     4 ||    11
  Use: Scroll            |       |     5 |       ||     5
       Potion            |       |       |     4 ||     4
Armor: Animal skin       |    30 |    24 |    44 ||    98
Dodge: Dodged            |    64 |    48 |    41 ||   153
Block: Kite shield       |       |     4 |    49 ||    53

Table legend: (Time is in decaauts)
 A = Elapsed time spent in this place.
 B = Non-inter-level travel time spent in this place.
 C = Inter-level travel time spent in this place.
 D = Time resting spent in this place.
 E = Time spent auto-exploring this place.
 F = Levels seen in this place.
 G = Mean time per level.
                   A        B        C        D        E       F      G
               +--------+--------+--------+--------+--------+-----+--------+
         Total |   5679 |   5569 |    110 |   1331 |   3467 |   5 | 1135.8 |
       Dungeon |   5679 |   5569 |    110 |   1331 |   3467 |   5 | 1135.8 |
               +--------+--------+--------+--------+--------+-----+--------+

Top non-repeatable levels by time:
     D:2: 1621 daAuts
     D:1: 1301 daAuts
     D:4: 1182 daAuts
     D:3: 1071 daAuts
     D:5: 502 daAuts
